 Dungeon Crawl Stone Soup version 0.30-a0-1161-g0704695555 (webtiles) character file.

Game seed: 7883971773641724678

5803 Maxmaps the Cruncher (level 10, -1/70 HPs)
             Began as a Demonspawn Monk on Apr 27, 2023.
             Was an Initiate of Gozag.
             Shot with an arrow by a centaur warrior (8 damage)
             ... while petrified by a basilisk
             ... on level 9 of the Dungeon.
             The game lasted 00:11:34 (9045 turns).

Maxmaps the Cruncher (Demonspawn Monk)              Turns: 9045, Time: 00:11:35

Health: -1/70      AC: 16    Str: 13    XL:     10   Next: 50%
Magic:  10/10      EV:  2    Int: 15    God:    Gozag
Gold:   914        SH:  0    Dex: 15    Spells: 9/9 levels left

rFire   . . .        f - +2 lajatang (venom)
rCold   . . .        (shield currently unavailable)
rNeg    + + +        j - +0 chain mail
rPois   ∞            n - +0 helmet
rElec   .            x - +0 cloak of Etufaynt {Will+}
rCorr   .            (no gloves)
SInv    +            (no boots)
Will    +....        (no amulet) Stlth
                     i - ring of see invisible
HPRegen 0.31/turn    w - +5 ring of evasion
MPRegen 0.12/turn

%: no passive effects
@: petrified
A: hooves 1, yellow scales 2, powered by death 1, demonic magic 2
a: Renounce Religion, Potion Petition, Call Merchant, Bribe Branch


You were on level 9 of the Dungeon.
You worshipped Gozag.
Gozag was pleased with you.
You visited 2 branches of the dungeon, and saw 10 of its levels.
You also visited: Sewer.

You collected 1123 gold pieces.
You spent 209 gold pieces at shops.

Inventory:

Hand Weapons
 f - a +2 lajatang of venom (weapon)
Armour
 j - a +0 chain mail (worn)
 n - a +0 helmet (worn)
 x - the +0 cloak of Etufaynt (worn) {Will+}
   (You bought it in a shop on level 6 of the Dungeon)

   Will:      It increases your willpower.
Jewellery
 i - a ring of see invisible (left hand)
 m - a ring of ice
 w - a +5 ring of evasion (right hand)
Wands
 g - a wand of digging (6)
 h - a wand of roots (6)
 t - a wand of paralysis (11)
 A - a wand of flame (34)
 B - a wand of polymorph (7)
Scrolls
 a - a scroll of enchant weapon
 d - a scroll of magic mapping
 e - 4 scrolls of identify
 k - 4 scrolls of teleportation
 r - 3 scrolls of fear
 u - a scroll of immolation
 v - a scroll of amnesia
 C - a scroll of blinking
Potions
 b - 5 potions of mutation
 c - 2 potions of ambrosia
 l - 4 potions of degeneration
 o - a potion of invisibility
 p - 3 potions of might
 q - 2 potions of attraction
 s - 3 potions of haste
 z - a potion of magic
 D - a potion of berserk rage
 E - 2 potions of curing


   Skills:
 - Level 3.0 Fighting
 - Level 3.9(4.0) Axes
 - Level 0.3(9.4) Maces & Flails
 - Level 14.0 Staves
 + Level 8.5 Armour
 - Level 2.6 Dodging


You had 9 spell levels left.
You didn't know any spells.
Your spell library contained the following spells:

 Spells                   Type           Power      Damage    Failure   Level
 Sandblast                Erth           0%         2d4       98%         1
 Slow                     Hex            0%         N/A       98%         1
 Blink                    Tloc           0%         N/A       99%         2
 Ensorcelled Hibernation  Hex/Ice        0%         N/A       99%         2
 Lesser Beckoning         Tloc           0%         N/A       99%         2
 Momentum Strike          Conj/Tloc      0%         3d8       99%         2
 Passwall                 Tmut/Erth      0%         N/A       99%         2
 Scorch                   Fire           0%         2d5       99%         2
 Confusing Touch          Hex            0%         N/A       100%        3
 Ozocubu's Armour         Ice            0%         N/A       100%        3
 Spider Form              Tmut/Pois      0%         N/A       100%        3
 Stone Arrow              Conj/Erth      0%         3d7       100%        3
 Vampiric Draining        Necr           0%         2d6       100%        3
 Vhi's Electric Charge    Tloc/Air       0%         N/A       100%        3
 Anguish                  Hex/Necr       0%         N/A       100%        4
 Flame Wave               Conj/Fire      0%         2d4       100%        4
 Arcjolt                  Conj/Air       0%         1d10      100%        5
 Metabolic Englaciation   Hex/Ice        0%         N/A       100%        5
 Plasma Beam              Fire/Air       0%         2x1d11    100%        6
 Summon Cactus Giant      Summ           0%         N/A       100%        6
 Simulacrum               Ice/Necr       Unusable   N/A       N/A         6

Dungeon Overview and Level Annotations

Branches:
Dungeon (9/15)             Temple (1/1) D:5            Lair (0/5) D:9
  Sewer (visited)
    Orc: D:9-12

Altars:
Ashenzari
Cheibriados
Dithmenos
Fedhas
Gozag
Hepliaklqana
Kikubaaqudgha
Makhleb
Nemelex Xobeh
Okawaru
Qazlal
Ru
Sif Muna
Trog
Uskayaw
Vehumet
Wu Jian
Xom
Yredelemnul

Shops:
D:2 *   D:6 [   D:8 [[:


Innate Abilities, Weirdness & Mutations

You have large cloven feet.
You are mostly covered in yellow scales. (AC +3)
You regenerate a little health from kills.
Spells you cast may paralyse nearby enemies.


Message History

The basilisk barely misses you.
You have turned to stone.
A centaur warrior comes into view.
The basilisk bites you but does no damage.
The centaur warrior wields a +0 longbow of draining.
You sense an unholy aura.
The centaur warrior shoots an arrow.
The arrow hits you! The basilisk bites you!
The centaur warrior shoots an arrow.
The arrow completely misses you. The basilisk bites you.
The centaur warrior shoots an arrow.
The arrow completely misses you.
The arrow hits the basilisk!!!
The basilisk dies!
A vampire mosquito comes into view.
The centaur warrior shoots an arrow.
The arrow hits you!
The vampire mosquito buzzes angrily.
The centaur warrior shoots an arrow.
The arrow hits you! The vampire mosquito bites you.
The centaur warrior shoots an arrow.
The arrow hits you!
The centaur warrior shoots an arrow.
The arrow hits you!! The vampire mosquito bites you.
The vampire mosquito completely misses you.
The centaur warrior shoots an arrow.
The arrow hits you!
* * * LOW HITPOINT WARNING * * *
A howler monkey comes into view.
A boulder beetle comes into view.
The vampire mosquito bites you but does no damage.
The howler monkey howls!
The vampire mosquito bites you but does no damage.
The boulder beetle curls into a ball and begins rolling!
A slime creature comes into view.
The centaur warrior shoots an arrow.
The arrow hits you!
* * * LOW HITPOINT WARNING * * *
The vampire mosquito bites you but does no damage.
The vampire mosquito bites you!
* * * LOW HITPOINT WARNING * * *
The centaur warrior shoots an arrow.
The arrow hits you!
* * * LOW HITPOINT WARNING * * *
The vampire mosquito bites you.
* * * LOW HITPOINT WARNING * * *
The centaur warrior shoots an arrow.
The arrow hits you!
You die...
Your body crumbles into a pile of gold.

#...##
~.~..##...# ..
....8#...#
##...#
.8..##..#
.....# ##..#..#
#...## °..##.##
....# °B.#..#
...## #y###.##
#..# $ #@#.#..#
..## #$#.##.##
..# #.#..#..#
.# #c#.###.# .#
#..#.#J#.#.#.#
......h.....#.#
############..#
.............#
.........#####


You could see a boulder beetle (rolling), a slime creature, a centaur warrior, a
vampire mosquito and a howler monkey.

Vanquished Creatures
  A two-headed ogre (D:9)
  Maggie (D:6)
  Grinder (D:6)
  A hornet (D:8)
  A troll (D:9)
  Prince Ribbit (D:6)
  Sigmund (D:2)
  2 wraiths (D:9)
  2 wyverns
  A steam dragon (D:8)
  A water moccasin (D:8)
  2 acid dragons (D:8)
  An orc warrior (D:9)
  2 black bears
  A sky beast (D:7)
  2 centaurs
  7 kobold brigands (D:6)
  3 scorpions
  A bullfrog (D:7)
  6 killer bees
  A howler monkey (D:5)
  7 hounds
  3 jellies (D:6)
  3 orc priests
  Ijyb (D:3)
  Natasha (thrice) (D:2)
  Terence (D:2)
  7 iguanas
  11 orc wizards
  Robin (D:2)
  15 adders
  5 river rats
  5 white imps
  An ufetubus (D:5)
  A worm (D:3)
  A dart slug (D:2)
  23 orcs
  11 ball pythons
  6 endoplasms
  2 giant cockroaches
  9 hobgoblins
  7 jackals
  10 kobolds
  2 quokkas
  4 bats
  10 frilled lizards
  12 goblins
  28 rats
228 creatures vanquished.

Vanquished Creatures (others)
  A basilisk (D:9)
  2 plants (D:3)
3 creatures vanquished.

Grand Total: 231 creatures vanquished

Notes
Turn   | Place    | Note
-------+----------+-------------------------------------------
     0 | D:1      | Maxmaps the Demonspawn Monk began the quest for the Orb.
     0 | D:1      | Reached XP level 1. HP: 18/18 MP: 1/1
    78 | D:1      | Gained mutation: You regenerate a little health from kills.
                  | [demonic ancestry]
    78 | D:1      | Reached XP level 2. HP: 16/24 MP: 2/2
   340 | D:1      | Reached XP level 3. HP: 29/29 MP: 3/3
  1069 | D:2      | Noticed Terence
  1088 | D:2      | Killed Terence
  1089 | D:2      | Reached skill level 2 in Staves
  1089 | D:2      | Gained mutation: Spells you cast may paralyse adjacent
                  | enemies. [demonic ancestry]
  1089 | D:2      | Reached XP level 4. HP: 15/35 MP: 4/4
  1223 | D:2      | Noticed Natasha
  1227 | D:2      | Noticed Robin
  1253 | D:2      | Killed Natasha
  1254 | D:2      | Reached skill level 3 in Staves
  1280 | D:2      | Killed Robin
  1292 | D:2      | Reached skill level 4 in Staves
  1441 | D:2      | Found Par Puatz's Assorted Antiques.
  1473 | D:2      | Noticed Sigmund
  1484 | D:2      | Killed Sigmund
  1485 | D:2      | Reached skill level 6 in Staves
  1485 | D:2      | Gained mutation: You are partially covered in yellow
                  | scales. (AC +2) [demonic ancestry]
  1485 | D:2      | Reached XP level 5. HP: 31/41 MP: 5/5
  1485 | D:2      | Gained mutation: You have large cloven feet. [demonic
                  | ancestry]
  1485 | D:2      | Reached XP level 6. HP: 36/47 MP: 6/6
  1579 | D:2      | Noticed Natasha
  1590 | D:2      | Killed Natasha
  1864 | D:2      | Noticed Natasha
  1872 | D:2      | Killed Natasha
  1873 | D:2      | Reached skill level 7 in Staves
  2456 | D:3      | Noticed Ijyb
  2464 | D:3      | Paralysed by Ijyb for 5 turns
  2490 | D:3      | Killed Ijyb
  2502 | D:3      | Identified a scroll of acquirement
  2502 | D:3      | Acquired a +2 lajatang of venom
  3057 | D:4      | Reached skill level 8 in Staves
  3551 | D:5      | Entered Level 5 of the Dungeon
  3574 | D:5      | Gained mutation: Spells you cast may paralyse nearby
                  | enemies. [demonic ancestry]
  3574 | D:5      | Reached XP level 7. HP: 52/52 MP: 7/7
  3666 | D:5      | Found a faded altar of an unknown god.
  3674 | D:5      | Found a staircase to the Ecumenical Temple.
  3692 | D:5      | Reached skill level 9 in Staves
  3848 | D:5      | Reached skill level 10 in Staves
  3857 | D:5      | Found a glowing drain.
  3866 | Sewer    | Entered a sewer
  4372 | D:5      | Reached skill level 11 in Staves
  4526 | D:5      | Found a sparkling altar of Nemelex Xobeh.
  4575 | D:5      | Reached XP level 8. HP: 45/58 MP: 8/8
  4632 | Temple   | Entered the Ecumenical Temple
  4824 | Temple   | Became a worshipper of Gozag Ym Sagoz the Greedy
  5121 | D:6      | Noticed Maggie
  5134 | D:6      | Killed Maggie
  5135 | D:6      | Reached skill level 12 in Staves
  5332 | D:6      | Noticed Prince Ribbit
  5338 | D:6      | Killed Prince Ribbit
  5340 | D:6      | Noticed Grinder
  5356 | D:6      | Killed Grinder
  5357 | D:6      | Reached skill level 13 in Staves
  5436 | D:6      | Found Esuziw's Antique Armour Boutique.
  5458 | D:6      | Found the +7 Throatcutter {drain, coup de grace}
  5468 | D:6      | Gained mutation: You are mostly covered in yellow scales.
                  | (AC +3) [demonic ancestry]
  5468 | D:6      | Reached XP level 9. HP: 36/63 MP: 9/9
  6090 | D:6      | Bought a brightly glowing cloak for 209 gold pieces
  6090 | D:6      | Identified the +0 cloak of Etufaynt {Will+} (You bought it
                  | in a shop on level 6 of the Dungeon)
  6336 | D:6      | Reached skill level 14 in Staves
  6513 | D:7      | Reached skill level 1 in Armour
  6655 | D:7      | Identified the +5 sling of the Doomed Warrior {elec, Drain
                  | rPois rF+ Dex+3}
  7526 | D:8      | Paralysed by a hornet for 2 turns
  7534 | D:8      | Reached skill level 5 in Armour
  7944 | D:8      | Found Mutsyimo's Armour Shoppe.
  7965 | D:8      | Found Zaopnoen's Armour Boutique.
  8030 | D:8      | Found Cerotim's Book Boutique.
  8042 | D:8      | Reached XP level 10. HP: 61/70 MP: 10/10
  8498 | D:9      | Noticed a two-headed ogre
  8507 | D:9      | Killed a two-headed ogre
  8666 | D:9      | Found a shadowy altar of Dithmenos.
  8736 | D:9      | Found a staircase to the Lair.
  9036 | D:9      | Noticed a centaur warrior
  9042 | D:9      | Noticed a boulder beetle
  9045 | D:9      | Shot with an arrow by a centaur warrior

Illustrated notes

Levels and vault maps discovered:
D:1:      spicycebolla_green_bress_n_ham, layout_basic
D:2:      mumra_celtic_spiral_tile, layout_basic, serial_shops, shop,
          uniq_robin, uniq_natasha, uniq_sigmund, uniq_terence
D:3:      layout_loops_corners, serial_forest, infiniplex_forest_lined_3,
          infiniplex_forest_clump_C, infiniplex_forest_end_2,
          infiniplex_forest_straight_4, uniq_ijyb
D:4:      layout_cave_pools
D:5:      layout_gridville, nemelex_spade_bored_becter,
          nicolae_temple_entry_ecumenical, portal_sewer_entry_b
D:6:      layout_cave_pods, serial_shops, nicolae_shop_peninsula,
          dilly_guarded_unrand_throatcut, uniq_maggie, uniq_grinder,
          uniq_prince_ribbit1
D:7:      layout_basic
D:8:      layout_loops_ring, serial_shops, nicolae_square_shop, shop, shop
D:9:      minmay_the_grid_triangle_9x9_recursive_2_mashed
          [minmay_the_grid_triangle_9x9_prize_insulated,
          minmay_the_grid_triangle_9x9_from_above,
          minmay_the_grid_triangle_9x9_cache,
          minmay_the_grid_triangle_9x9_shrine], layout_rooms,
          grunt_dithmenos_smoke, lair_entry_dummy, special_room
          [special_room_orc]
Temple:   nicolae_temple_slightly_damp_pantheon

Skill      XL: |  1  2  3  4  5  6  7  8  9 10 |
---------------+-------------------------------+-----
Axes           | 3 |  3.9
Staves         | 2 6 8 11 13 14 | 14.0
Armour         | 5 8 |  8.5
Fighting       | |  3.0
Maces & Flails | |  0.3
Dodging        | |  2.6

Action                     |  1- 3 |  4- 6 |  7- 9 | 10-12 || total
---------------------------+-------+-------+-------+-------++-------
  Melee: Hand axe          |    99 |    72 |       |       ||   171
         Spear             |       |    71 |       |       ||    71
         Kick              |       |    36 |    98 |    29 ||   163
         Lajatang          |       |    35 |   356 |    75 ||   466
    Use: Potion            |     1 |     1 |     1 |       ||     3
         Scroll            |       |    12 |     7 |       ||    19
   Stab: Distracted        |       |       |     2 |     1 ||     3
 Armour: Robe              |    18 |       |       |       ||    18
         Chain mail        |    17 |    82 |   175 |    24 ||   298
  Dodge: Dodged            |    64 |    39 |   162 |    37 ||   302

Table legend: (Time is in decaauts)
 A = Elapsed time spent in this place.
 B = Non-inter-level travel time spent in this place.
 C = Inter-level travel time spent in this place.
 D = Time resting spent in this place.
 E = Time spent auto-exploring this place.
 F = Levels seen in this place.
 G = Mean time per level.
                   A        B        C        D        E       F      G
               +--------+--------+--------+--------+--------+-----+--------+
         Total |   9030 |   8553 |    477 |    975 |   6044 |  11 |  820.9 |
       Dungeon |   8415 |   7984 |    431 |    975 |   5642 |   9 |  935.0 |
        Temple |    211 |    166 |     45 |      0 |    145 |   1 |  211.0 |
         Sewer |    403 |    403 |      0 |      0 |    257 |   1 |  403.0 |
               +--------+--------+--------+--------+--------+-----+--------+

Top non-repeatable levels by time:
     D:2: 1292 daAuts
     D:6: 1225 daAuts
     D:5: 1105 daAuts
     D:7: 971 daAuts
     D:8: 969 daAuts
     D:3: 902 daAuts
     D:1: 797 daAuts
     D:4: 582 daAuts
     D:9: 569 daAuts
   Sewer: 403 daAuts
  Temple: 211 daAuts
